 Dungeon Crawl Stone Soup version 0.16-a0-2461-ge8ce426 (webtiles) character file.

6654 PolkaDot the Summoner (level 10, -4/63 HPs)
             Began as a Vampire Summoner on Nov 19, 2014.
             Was an Elder of Sif Muna.
             Slain by a yak (19 damage)
             ... on level 11 of the Dungeon.
             The game lasted 00:32:34 (10084 turns).

PolkaDot the Summoner (Vampire Summoner)           Turns: 10084, Time: 00:32:34

Health: -4/63      AC:  8    Str: 16    XL:     10   Next: 73%
Magic:  16/16      EV: 18    Int: 20    God:    Sif Muna [****..]
Gold:   789        SH:  0    Dex: 16    Spells: 4 memorised, 3 levels left

rFire  . . .     SeeInvis +     o - +6 quarterstaff (chaos)
rCold  . . .     Clarity  +     u - +0 leather armour
rNeg   . . .     SustAb   .     (no shield)
rPois  .         Gourm    .     (no helmet)
rElec  .         Spirit   .     n - +2 cloak {MR+}
rCorr  .         Warding  .     j - +1 pair of gloves
rMut   .         Stasis   .     (no boots)
MR     ++...                    E - amulet of clarity
Stlth  ++........               B - ring of invisibility
                                d - ring "Lujy" {EV+1 Str+4 Dex+2}

@: mighty, regenerating very quickly, very resistant to hostile enchantments,
unstealthy
A: bottle blood, fangs 3, see invisible, unbreathing
a: Channel Energy, Forget Spell, Renounce Religion, Evoke Invisibility


You were on level 11 of the Dungeon.
You worshipped Sif Muna.
Sif Muna was greatly pleased with you.
You were almost alive.

You visited 1 branch of the dungeon, and saw 11 of its levels.

You collected 789 gold pieces.

Inventory:

Hand weapons
 o - a +6 quarterstaff of chaos (weapon)
Missiles
 y - a throwing net (quivered)
Armour
 j - a +1 pair of gloves (worn)
 n - a +2 cloak of magic resistance (worn)
 u - a +0 leather armour (worn)
Jewellery
 d - the ring "Lujy" (left hand) {EV+1 Str+4 Dex+2}
   (You found it on level 9 of the Dungeon)

   [ring of evasion]

   It affects your evasion (+1).
   It affects your strength (+4).
   It affects your dexterity (+2).
 x - an uncursed ring of teleportation
 B - a ring of invisibility (right hand)
 E - an amulet of clarity (around neck)
 M - an uncursed amulet of resist corrosion
 P - the ring of Omiq {rPois Int+1 Dex+5, unknown}
   (You found it on level 11 of the Dungeon)

   [ring of poison resistance]

   It affects your intelligence (+1).
   It affects your dexterity (+5).
   It protects you from poison.
Magical devices
 A - a wand of fire (15)
 J - a wand of slowing (22)
 N - a wand of lightning (9)
Scrolls
 a - a scroll of noise {unknown}
 e - 4 scrolls of amnesia
 g - a scroll of fog
 i - a scroll of random uselessness {unknown}
 l - a scroll of immolation {unknown}
 m - a scroll of summoning {unknown}
 p - a scroll of teleportation {unknown}
 q - 4 scrolls of remove curse
 s - 4 scrolls of enchant armour
 w - a scroll of magic mapping
 z - a scroll of vulnerability {unknown}
 C - a scroll of recharging
 O - a scroll of identify
Potions
 f - 2 potions of curing
 h - a potion of cancellation
 r - 2 potions of brilliance
 t - 2 potions of restore abilities
 D - 5 potions of blood {@*1}
 F - a potion of agility {unknown}
 G - 2 potions of heal wounds
 H - a potion of magic {unknown}
 I - 2 potions of cure mutation {unknown}
 L - a potion of lignification
Books
 b - a book of Callings

   Spells                             Type                      Level
   *Summon Small Mammal               Summoning                    1
   *Call Imp                          Summoning                    2
   *Call Canine Familiar              Summoning                    3
   Summon Guardian Golem              Hexes/Summoning              4
   Summon Lightning Spire             Summoning/Air                4
   *Summon Ice Beast                  Ice/Summoning                4
 c - a book of Frost

   Spells                             Type                      Level
   Freeze                             Ice                          1
   Throw Frost                        Conjuration/Ice              2
   Ozocubu's Armour                   Charms/Ice                   3
   Throw Icicle                       Conjuration/Ice              4
   *Summon Ice Beast                  Ice/Summoning                4
   Condensation Shield                Ice                          4
 v - a book of Wizardry

   Spells                             Type                      Level
   Agony                              Necromancy                   5
   Force Lance                        Conjuration                  5
   Dispersal                          Translocation                6
   Haste                              Charms                       6
   Invisibility                       Hexes                        6
   Spellforged Servitor               Conjuration/Summoning        7
Miscellaneous
 K - a crystal ball of energy


   Skills:
 + Level 6.2 Staves
 + Level 8.4 Dodging
 - Level 3.0 Stealth
 - Level 2.0 Spellcasting
 * Level 11.9 Summonings
 - Level 5.0 Ice Magic


You had 3 spell levels left.
You knew the following spells:

 Your Spells              Type           Power        Failure   Level  Hunger
a - Summon Small Mammal   Summ           ####         1%          1    #......
d - Call Canine Familiar  Summ           #####...     1%          3    ###....
i - Summon Ice Beast      Ice/Summ       #####...     8%          4    #####..
s - Call Imp              Summ           #####...     1%          2    ##.....


Dungeon Overview and Level Annotations

Branches:
Dungeon (11/15)            Temple (0/1) D:5            Lair (0/8) D:10
    Orc: D:9-12

Altars:
Ashenzari
Cheibriados
Dithmenos
Qazlal
Ru
Sif Muna
Trog
Vehumet
The Shining One


Innate Abilities, Weirdness & Mutations

Your natural rate of healing is extremely fast.
You can bottle blood from corpses.
You have razor-sharp teeth.
You have supernaturally acute eyesight.
You can survive without breathing.


Message History

The yak closely misses you.
You hit the yak. You burn the yak.
The yak is almost dead.
The yak closely misses you.
You closely miss the yak.
The yak is almost dead.
The yak gores you but does no damage.
You hit the yak.
You kill the yak!
You hit the yak.
The yak goes berserk!
The yak is severely wounded.
The yak misses you.
Drink which item? (? for menu, Esc to quit)
You feel very mighty all of a sudden. The yak misses you. The yak gores you.
* * * LOW HITPOINT WARNING * * *
You completely miss the yak.
The yak is severely wounded.
The yak gores you!!
You die...

# ..# #.# #.# #.# ##
#.# .. #.# #.##.#
#.Y@.#
####.#########
#..........#
#.##########.#######
..................>.
#.#######...!#######
#######....#
#.......<..#
..#######..#######


You could see a yak (berserk).

Vanquished Creatures
  The ghost of gabygaby the Destroyer, an experienced TeCj of Vehumet (D:8)
  A hill giant (D:10)
  A komodo dragon (D:10)
  A two-headed ogre (D:9)
  2 hippogriffs (D:9)
  A deep elf mage (D:9)
  A fire bat (D:6)
  2 hungry ghosts (D:9)
  6 yaks
  A water moccasin (D:10)
  2 sky beasts
  An eye of draining (D:8)
  3 centaurs
  3 phantoms
  2 big kobolds (D:7)
  3 giant frogs
  A scorpion (D:6)
  4 wights (D:8)
  3 crimson imps
  2 hounds
  A giant frog skeleton (D:4)
  An orc priest (D:4)
  4 quasits
  A jelly (D:10)
  A centaur zombie (D:9)
  A centaur skeleton (D:8)
  2 iguanas
  An orc wizard (D:8)
  7 worker ants
  A hound zombie (D:10)
  A hound skeleton (D:5)
  2 worker ant zombies
  A giant mite (D:3)
  7 adders
  2 shadow imps
  4 worms
  4 giant geckos
  14 orcs
  A ball python (D:7)
  15 bats
  A bat zombie (D:8)
  A giant cockroach (D:6)
  13 hobgoblins
  3 jackals (D:2)
  20 kobolds
  6 quokkas
  7 giant newts
  10 goblins
  A jackal zombie (D:5)
  A quokka skeleton (D:9)
  A quokka zombie (D:6)
  21 rats
  3 ballistomycetes (D:8)
200 creatures vanquished.

Vanquished Creatures (collateral kills)
  A hill giant (D:10)
  An ugly thing (D:9)
  Prince Ribbit (D:7)
  2 yaks (D:10)
  A hippogriff (D:8)
  Edmund (D:4)
  A water moccasin (D:10)
  An orc warrior (D:8)
  An ogre (D:10)
  2 giant frogs
  A water moccasin zombie (D:10)
  A scorpion (D:5)
  3 killer bees (D:8)
  2 orc priests
  Crazy Yiuf (D:2)
  A worker ant (D:4)
  A gnoll shaman (D:7)
  4 orc wizards
  Terence (D:2)
  4 gnolls (D:7)
  3 adders
  6 orcs
  2 goblins
  A hobgoblin (D:2)
  A quokka (D:4)
  A bat (D:1)
  A giant spore (D:8)
  3 rats
49 creatures vanquished.

Vanquished Creatures (others)
  2 wolves
  3 ice beasts
  2 crimson imps
  8 hounds
  A white imp (D:5)
  A quokka (D:2)
  A plant (D:10)
18 creatures vanquished.

Grand Total: 267 creatures vanquished

Notes
Turn   | Place    | Note
--------------------------------------------------------------
     0 | D:1      | PolkaDot, the Vampire Summoner, began the quest for the Orb.
     0 | D:1      | Reached XP level 1. HP: 13/13 MP: 3/3
   316 | D:1      | Reached XP level 2. HP: 19/19 MP: 4/4
   664 | D:1      | Learned a level 2 spell: Call Imp
   823 | D:2      | Reached skill level 5 in Summonings
   823 | D:2      | Reached XP level 3. HP: 7/24 MP: 0/6
  1010 | D:2      | Noticed Terence
  1143 | D:1      | Learned a level 3 spell: Call Canine Familiar
  1160 | D:2      | Killed Terence
  1474 | D:2      | Found a deep blue altar of Sif Muna.
  1479 | D:2      | Reached XP level 4. HP: 20/30 MP: 7/7
  1524 | D:2      | Became a worshipper of Sif Muna the Loreminder
  1854 | D:2      | Noticed Crazy Yiuf
  1875 | D:2      | Killed Crazy Yiuf
  2024 | D:3      | Found a stormy altar of Qazlal.
  2134 | D:3      | Reached skill level 6 in Summonings
  2291 | D:3      | Found a glowing golden altar of the Shining One.
  2737 | D:3      | Reached skill level 1 in Staves
  2870 | D:4      | Found a shattered altar of Ashenzari.
  2870 | D:4      | Noticed Edmund
  2885 | D:4      | Reached XP level 5. HP: 35/35 MP: 1/9
  3012 | D:4      | Killed Edmund
  3012 | D:4      | Reached XP level 6. HP: 24/41 MP: 1/10
  3023 | D:4      | Found a shadowy altar of Dithmenos.
  3270 | D:4      | Reached skill level 7 in Summonings
  3712 | D:5      | Entered Level 5 of the Dungeon
  4218 | D:5      | Found a staircase to the Ecumenical Temple.
  4267 | D:5      | Found a sacrificial altar of Ru.
  4665 | D:5      | Acquired Sif Muna's first power
  4665 | D:5      | Reached XP level 7. HP: 38/46 MP: 12/12
  4817 | D:5      | Learned a level 4 spell: Summon Ice Beast
  4959 | D:6      | Reached skill level 1 in Ice Magic
  4995 | D:6      | Found a bloodstained altar of Trog.
  5396 | D:6      | Noticed a fire bat
  5396 | D:6      | an ogre changed into a fire bat
  5398 | D:6      | Killed a fire bat
  5915 | D:7      | Acquired Sif Muna's second power
  5915 | D:7      | Reached XP level 8. HP: 49/52 MP: 13/13
  5992 | D:7      | Reached skill level 5 in Ice Magic
  6094 | D:7      | Noticed Prince Ribbit
  6107 | D:7      | Killed Prince Ribbit
  6268 | D:7      | Found a radiant altar of Vehumet.
  6278 | D:7      | Reached skill level 8 in Summonings
  6602 | D:7      | Found a snail-covered altar of Cheibriados.
  6637 | D:8      | Reached skill level 5 in Dodging
  6667 | D:8      | Noticed gabygaby's ghost (experienced TeCj)
  6686 | D:8      | Killed gabygaby's ghost
  6686 | D:8      | Reached skill level 9 in Summonings
  6686 | D:8      | Reached XP level 9. HP: 43/57 MP: 1/14
  8273 | D:9      | Reached skill level 10 in Summonings
  8394 | D:9      | Reached skill level 5 in Staves
  8604 | D:9      | Noticed a purple ugly thing
  8617 | D:9      | Killed a purple ugly thing
  8737 | D:9      | Reached XP level 10. HP: 55/63 MP: 16/16
  8798 | D:9      | Got a crude pewter ring
  8800 | D:9      | Identified the cursed ring "Lujy" {EV+1 Str+4 Dex+2} (You found it on level 9 of the Dungeon)
  9036 | D:10     | Entered Level 10 of the Dungeon
  9047 | D:10     | Reached skill level 11 in Summonings
  9305 | D:10     | Noticed a hill giant
  9315 | D:10     | Killed a hill giant
  9373 | D:10     | Acquired Sif Muna's third power
  9551 | D:10     | Noticed a hill giant
  9556 | D:10     | Killed a hill giant
  9596 | D:10     | Found a staircase to the Lair.
 10017 | D:11     | Got a vibrating bone ring
 10084 | D:11     | Slain by a yak

Action                   |  1- 3 |  4- 6 |  7- 9 | 10-12 || total
-------------------------+-------+-------+-------+-------++-------
Melee: Unarmed           |    20 |       |       |       ||    20
       Dagger            |    69 |    25 |       |       ||    94
       Quarterstaff      |       |   123 |   290 |   137 ||   550
 Cast: Summon Small Mamm |    11 |       |       |       ||    11
       Call Imp          |     6 |     9 |     6 |       ||    21
       Call Canine Famil |     2 |     5 |    10 |     6 ||    23
       Summon Ice Beast  |       |       |    15 |     9 ||    24
Invok: Channel Energy    |       |       |    17 |       ||    17
Evoke: Wand              |       |       |     6 |     2 ||     8
  Use: Potion            |     6 |    10 |    12 |     6 ||    34
       Scroll            |       |     1 |    14 |     2 ||    17
 Stab: Sleeping          |     2 |     7 |     5 |     2 ||    16
       Paralysed         |       |     2 |       |       ||     2
       Distracted        |       |       |     1 |     1 ||     2
       Confused          |       |       |     1 |     1 ||     2
  Eat: Corpse            |    15 |    11 |    22 |     7 ||    55
